 Dungeon Crawl Stone Soup version 0.16.2-12-gd0ad4c3 (webtiles) character file.

155566 Kira the Sorcerer (level 17, -7/80 HPs)
             Began as a Deep Elf Wizard on Oct 26, 2015.
             Was the Champion of Vehumet.
             Mangled by a naga warrior
             ... wielding a +0 spear
              (15 damage)
             ... on level 5 of the Snake Pit.
             The game lasted 04:33:10 (50551 turns).

Kira the Sorcerer (Deep Elf Wizard)                Turns: 50551, Time: 04:33:10

Health: -7/80      AC: 12    Str:  4    XL:     17   Next: 8%
Magic:  43/51      EV: 17    Int: 33    God:    Vehumet [******]
Gold:   1213       SH:  0    Dex: 13    Spells: 13 memorised, 10 levels left

rFire  + . .     SeeInvis .     J - staff of conjuration
rCold  + + +     Clarity  .     G - +4 skin of Zhor {rC+++}
rNeg   . . .     SustAb   .     (no shield)
rPois  +         Gourm    .     s - +0 helmet {rF+}
rElec  .         Spirit   .     b - +1 cloak
rCorr  .         Warding  .     (no gloves)
rMut   .         Stasis   .     X - +2 pair of boots
MR     ++...                    (no amulet)
Stlth  ++........               B - ring of magical power
                                n - ring of poison resistance

@: swift, constricted, quick, very resistant to hostile enchantments, unstealthy
A: clever 1, magic resistance 1, placid magic 1
a: Renounce Religion


You were on level 5 of the Snake Pit.
You worshipped Vehumet.
Vehumet was exalted by your worship.
You were not hungry.

You visited 4 branches of the dungeon, and saw 29 of its levels.
You also visited: Volcano.

You collected 3458 gold pieces.
You spent 2245 gold pieces at shops.

Inventory:

Hand weapons
 a - the +4 arc blade {discharge, rElec}
   (You bought it in a shop on level 4 of the Orcish Mines)

   It insulates you from electricity.
Armour
 b - a +1 cloak (worn)
 s - a +0 helmet of fire resistance (worn)
 G - the +4 skin of Zhor (worn) {rC+++}
   (You bought it in a shop on level 4 of the Orcish Mines)

   It renders you almost immune to cold.
 U - the +1 leather armour of Ugeokipn {rPois rC- Regen+ Slay+3}
   (You found it on level 8 of the Lair of Beasts)

   It affects your accuracy and damage with ranged weapons and melee attacks
   (+3).
   It makes you vulnerable to cold.
   It protects you from poison.
   It increases your rate of regeneration.
 X - a +2 pair of boots (worn)
Magical staves
 J - an uncursed staff of conjuration (weapon)
Jewellery
 f - the ring "Panypn Bizo" {rC++ Dex+4}
   (You found it on level 1 of the Snake Pit)

   [ring of dexterity]

   It affects your dexterity (+4).
   It greatly protects you from cold.
 m - an uncursed ring of protection from fire
 n - a ring of poison resistance (left hand)
 x - an uncursed ring of see invisible
 z - the ring "Seibrog" {+Fly MP-9 Int+4 Dex+2}
   (You found it on level 3 of the Snake Pit)

   [ring of flight]

   It affects your intelligence (+4).
   It affects your dexterity (+2).
   It affects your magic capacity (-9).
   It lets you fly.
 A - a +3 ring of evasion
 B - a ring of magical power (right hand)
 M - an uncursed ring of wizardry
Magical devices
 i - a wand of digging (9)
 o - a wand of digging (18)
 F - a wand of draining (4)
 N - a wand of teleportation (7)
 R - a wand of fire (5)
 W - a wand of paralysis (14)
 Y - a wand of fireball (6)
Scrolls
 c - a scroll of silence {unknown}
 k - 8 scrolls of teleportation
 p - 2 scrolls of blinking
 q - 2 scrolls of enchant weapon
 r - 3 scrolls of amnesia
 y - 8 scrolls of remove curse
 C - a scroll of fear
 E - 4 scrolls of identify
 L - 2 scrolls of vulnerability
 O - a scroll of immolation
 S - a scroll of magic mapping
Potions
 e - 2 potions of invisibility
 g - 3 potions of ambrosia
 j - 6 potions of heal wounds
 t - a potion of might
 u - 4 potions of brilliance
 w - 3 potions of flight
 D - 7 potions of curing
 I - 2 potions of berserk rage
 K - 2 potions of haste
 Q - 2 potions of magic
Books
 l - a book of Envenomations

   Spells                             Type                      Level
   a - Spider Form                    Transmutation/Poison         3
   b - Alistair's Intoxication        Transmutation/Poison         4
   c - Olgreb's Toxic Radiance        Poison                       4
   d - Poisonous Cloud                Conjuration/Poison/Air       6
 v - a book of Death

   Spells                             Type                      Level
   a - Corpse Rot                     Necromancy                   2
   b - Sublimation of Blood           Necromancy                   2
   c - Agony                          Necromancy                   5
   d - Dispel Undead                  Necromancy                   5
   e - Excruciating Wounds            Charms/Necromancy            5
   f - Bolt of Draining               Conjuration/Necromancy       5
 T - a book of the Dragon

   Spells                             Type                      Level
   a - Flight                         Charms/Air                   3
   b - Cause Fear                     Hexes                        4
   c - Bolt of Fire                   Conjuration/Fire             6
   d - Dragon Form                    Transmutation                7
   e - Dragon's Call                  Summoning                    9
Miscellaneous
 h - a box of beasts
 P - an ornate deck of destruction {drawn: 1}
Comestibles
 d - 11 bread rations
 H - 10 royal jellies
 V - 3 meat rations
 Z - 17 fruits


   Skills:
 - Level 0.2 Fighting
 + Level 0.4 Armour
 + Level 9.0 Dodging
 - Level 2.4 Stealth
 + Level 22.9 Spellcasting
 + Level 19.0 Conjurations
 - Level 1.1 Hexes
 - Level 2.0 Charms
 + Level 1.3 Summonings
 * Level 15.1 Translocations
 * Level 2.6 Ice Magic
 + Level 0.8 Evocations


You had 10 spell levels left.
You knew the following spells:

 Your Spells              Type           Power        Failure   Level  Hunger
a - Phase Shift           Tloc           ######....   0%          5    None
b - Blink                 Tloc           N/A          0%          2    None
c - Repel Missiles        Chrm/Air       ####..       1%          2    None
e - Conjure Flame         Conj/Fire      #######.     0%          3    None
f - Force Lance           Conj/Tloc      ########     0%          4    None
g - Iskenderun's Mystic   Conj           ########     0%          4    None
h - Swiftness             Chrm/Air       ####....     1%          2    None
i - Fulminant Prism       Conj/Hex       #######...   0%          4    None
j - Airstrike             Air            ####......   1%          4    None
k - Spellforged Servitor  Conj/Summ      #######...   1%          7    None
l - Throw Icicle          Conj/Ice       #######.     0%          4    None
m - Bolt of Draining      Conj/Necr      #######...   1%          5    None
n - Lee's Rapid Deconstr  Erth           ####......   3%          5    None


Dungeon Overview and Level Annotations

Branches:
Dungeon (12/15)            Temple (0/1) D:7            Lair (8/8) D:9
 Shoals (0/5) Lair:6        Snake (5/5) Lair:4        Slime (0/6) Lair:7
    Orc (4/4) D:12            Elf (0/3) Orc:4

Altars:
Dithmenos
Elyvilon
Fedhas
Makhleb
Ru
Sif Muna
Trog
Vehumet
Yredelemnul
Zin
The Shining One
Beogh
Jiyva

Shops:
D:11 *   Orc:4 ([*:   Snake:2 %


Innate Abilities, Weirdness & Mutations

Your mind is acute. (Int +2)
You are resistant to hostile enchantments.
Your spells are a little easier to cast, but a little less powerful.


Message History

Casting: Swiftness
Confirm with . or Enter, or press ? or * to list all spells.
You escape the naga warrior's grasp.
You blink.
The guardian serpent coils itself and performs some mystic snake dance.
The naga warrior blinks!
The naga blinks!
The salamander blinks!
The naga mage blinks!
The naga blinks!
The naga warrior blinks!
The naga warrior blinks!
The naga hits you with a glaive!! The naga barely misses you.
The salamander completely misses you. The naga warrior hits you with a spear!
* * * LOW HITPOINT WARNING * * *
The naga warrior completely misses you. The naga hits you but does no damage.
The naga grabs you. The naga constricts you.
Casting: Blink
Confirm with . or Enter, or press ? or * to list all spells.
Your attempt to break free from the naga fails, but you feel that another attempt might succeed.
The naga mage hits you but does no damage.
The naga warrior hits you with a whip!
* * * LOW HITPOINT WARNING * * *
The naga warrior hits you with a spear!
You die...

#...## ##...# .....##
#...# ......## ####...###
.......###........###
....................###.
.........###.N§§........
##'###..##.###..........
.....#..#....#..NN.......
#...##..#....#.N@N....S.#
#...[...#....#.SNN......#
#.###...##.#'#N.........
###......###..§.........
........................
............§.§....)....
)....N.<................
.............####.....N
......######## ##....


You could see 3 naga warriors, a salamander, an anaconda (wandering), a guardian
serpent, 2 naga magi and 2 nagas.

Vanquished Creatures
  Vashnia (Snake:4)
  6 greater nagas
  Donald (Snake:2)
  An orc warlord (Orc:4)
  Maud (Lair:7)
  A fire dragon (Lair:8)
  Fannar (Lair:3)
  8 anacondas
  7 hydras
  14 naga warriors
  7 death yaks (Lair:8)
  28 naga sharpshooters
  3 orc high priests (Orc:4)
  6 shock serpents
  An unseen horror (D:12)
  2 salamander mystics (Snake:3)
  The ghost of Dadi the Basher, an experienced GrGl of Okawaru (D:9)
  3 lindwurms
  3 hill giants
  5 naga ritualists
  4 orc knights
  9 mana vipers
  5 orc sorcerers
  A griffon (Lair:6)
  An ugly thing (D:11)
  A cyclops (Orc:4)
  10 salamanders
  3 toenail golems (Volcano)
  38 black mambas
  A manticore (D:10)
  27 naga magi
  6 guardian serpents
  2 centaur skeletons
  A gargoyle (D:11)
  5 torpor snails (Lair:8)
  7 komodo dragons
  8 spiny frogs
  3 fire drakes
  2 trolls
  A merfolk (Lair:6)
  A polar bear (Lair:8)
  2 giant leeches (Lair:8)
  Prince Ribbit (D:3)
  17 blink frogs
  5 basilisks
  3 fire bats (Lair:8)
  2 wyverns
  4 deep elf magi
  44 yaks
  6 humans (Volcano)
  A steam dragon (D:11)
  13 hippogriffs
  A wraith (D:11)
  2 hungry ghosts
  3 wargs
  9 wolves
  Edmund (D:7)
  Menkaure (D:4)
  78 nagas
  29 orc warriors
  16 porcupines
  36 water moccasins
  2 black bears
  A necrophage (D:10)
  11 ogres
  3 sky beasts
  2 phantoms (D:12)
  3 ice beasts
  5 wasps
  9 crocodiles
  4 big kobolds
  4 centaurs
  7 giant frogs
  4 brain worms (Lair:8)
  Blork the orc (Orc:1)
  7 scorpions
  10 killer bees
  9 wights
  8 electric eels
  6 crimson imps
  29 orc priests
  11 hounds
  A giant frog skeleton (D:9)
  4 giant frog zombies
  A goliath beetle (D:7)
  A quasit (D:6)
  4 jellies
  28 orc wizards
  5 worker ants
  11 iguanas
  20 sheep
  A hound skeleton (D:8)
  A mummy (D:12)
  Robin (D:4)
  27 adders
  A gnoll (D:1)
  81 river rats
  A white imp (D:4)
  3 giant mites
  4 shadow imps
  23 worms
  2 adder skeletons
  An adder zombie (D:9)
  7 oozes
  175 orcs
  5 ball pythons
  2 bat skeletons
  33 goblins
  38 hobgoblins
  10 jackals
  15 quokkas
  13 bats
  7 giant cockroaches
  4 giant geckos
  7 giant newts
  A giant spore (D:12)
  34 kobolds
  16 rats
  A ballistomycete (D:12)
  4 fungi
  15 plants
1254 creatures vanquished.

Vanquished Creatures (others)
  148 fulminant prisms
  2 orcs (Orc:1)
  A butterfly (Lair:8)
  8 fungi
  14 plants (Lair:8)
173 creatures vanquished.

Grand Total: 1427 creatures vanquished

Notes
Turn   | Place    | Note
--------------------------------------------------------------
     0 | D:1      | Kira, the Deep Elf Wizard, began the quest for the Orb.
     0 | D:1      | Reached XP level 1. HP: 10/10 MP: 6/6
   228 | D:1      | Reached skill level 5 in Spellcasting
   280 | D:1      | Reached XP level 2. HP: 15/15 MP: 2/11
   286 | D:1      | Learned a level 2 spell: Blink
   289 | D:1      | Learned a level 2 spell: Repel Missiles
   292 | D:1      | Learned a level 2 spell: Slow
   897 | D:2      | Reached XP level 3. HP: 10/19 MP: 1/14
  1256 | D:2      | Reached skill level 6 in Spellcasting
  1584 | D:2      | Reached XP level 4. HP: 24/24 MP: 12/18
  2402 | D:3      | Reached skill level 7 in Spellcasting
  2646 | D:3      | Reached XP level 5. HP: 12/28 MP: 14/21
  2914 | D:4      | Noticed Prince Ribbit
  2935 | D:3      | Killed Prince Ribbit
  2935 | D:3      | Reached skill level 8 in Spellcasting
  2935 | D:3      | Reached skill level 1 in Hexes
  2935 | D:3      | Reached XP level 6. HP: 21/32 MP: 8/24
  3342 | D:4      | Found a radiant altar of Vehumet.
  3353 | D:4      | Became a worshipper of Vehumet
  3368 | D:4      | Noticed Robin
  3410 | D:4      | Killed Robin
  3410 | D:4      | Reached XP level 7. HP: 31/36 MP: 19/26
  3757 | D:4      | Noticed Menkaure
  3770 | D:4      | Reached skill level 9 in Spellcasting
  3798 | D:4      | Learned a level 3 spell: Conjure Flame
  3807 | D:4      | Killed Menkaure
  4290 | D:5      | Entered Level 5 of the Dungeon
  4295 | D:5      | Found a blossoming altar of Fedhas.
  4374 | D:5      | Learned a level 4 spell: Force Lance
  4429 | D:5      | Reached skill level 5 in Conjurations
  4543 | D:5      | Acquired Vehumet's first power
  4543 | D:5      | Offered knowledge of Shock by Vehumet.
  4700 | D:5      | Found a shadowy altar of Dithmenos.
  4700 | D:5      | Found a glowing golden altar of the Shining One.
  4800 | D:5      | Found a white marble altar of Elyvilon.
  5052 | D:6      | Reached skill level 10 in Spellcasting
  5052 | D:6      | Reached XP level 8. HP: 36/41 MP: 12/29
  5064 | D:6      | Found a basalt altar of Yredelemnul.
  5407 | D:6      | Found a sacrificial altar of Ru.
  6327 | D:7      | Noticed Edmund
  6347 | D:7      | Killed Edmund
  6347 | D:7      | Reached skill level 11 in Spellcasting
  6938 | D:7      | Found a staircase to the Ecumenical Temple.
  7301 | D:7      | Reached XP level 9. HP: 45/45 MP: 27/31
  7406 | D:7      | Identified the Reference Book on Attacks and Flight
  7412 | D:7      | Learned a level 4 spell: Iskenderun's Mystic Blast
  7415 | D:7      | Learned a level 2 spell: Swiftness
  7438 | D:7      | Offered knowledge of Throw Flame by Vehumet.
  7770 | D:8      | You fall through a shaft for 2 floors!
  7770 | D:10     | Entered Level 10 of the Dungeon
  7827 | D:10     | Noticed a manticore
  7875 | D:10     | Reached skill level 5 in Dodging
  8223 | D:10     | Killed a manticore
  8223 | D:10     | Reached skill level 12 in Spellcasting
  8223 | D:10     | Reached skill level 5 in Translocations
  8246 | D:9      | Found a staircase to the Lair.
  8247 | D:9      | Noticed Dadi's ghost (experienced GrGl)
  8765 | D:8      | Offered knowledge of Inner Flame by Vehumet.
 10038 | D:9      | Reached XP level 10. HP: 50/50 MP: 23/33
 10081 | D:9      | Acquired Vehumet's second power
 10081 | D:9      | Reached skill level 1 in Charms
 10281 | D:9      | Reached skill level 13 in Spellcasting
 10448 | D:9      | Killed Dadi's ghost
 10551 | D:9      | Noticed a moth of wrath
 10648 | D:9      | Found a bloodstained altar of Trog.
 10976 | D:9      | Offered knowledge of Static Discharge by Vehumet.
 11272 | D:10     | Reached skill level 10 in Conjurations
 12142 | D:10     | Acquired Vehumet's third power
 12223 | D:11     | Noticed a purple ugly thing
 12229 | D:11     | Killed a purple ugly thing
 12231 | D:11     | Noticed a hill giant
 12255 | D:11     | Killed a hill giant
 12255 | D:11     | Reached skill level 14 in Spellcasting
 12407 | D:11     | Noticed a hill giant
 12409 | D:11     | Killed a hill giant
 12433 | D:11     | Offered knowledge of Fulminant Prism by Vehumet.
 12446 | D:11     | Learned a level 4 spell: Fulminant Prism
 12569 | D:11     | Found Wihailepn's Assorted Antiques.
 12672 | D:11     | Reached XP level 11. HP: 54/54 MP: 32/35
 13720 | D:11     | Offered knowledge of Airstrike by Vehumet.
 13726 | D:11     | Learned a level 4 spell: Airstrike
 14163 | D:12     | Killed an unseen horror
 14163 | D:12     | Reached skill level 15 in Spellcasting
 14405 | D:12     | Noticed a hill giant
 14599 | D:12     | Killed a hill giant
 15884 | D:12     | Found a roughly hewn altar of Beogh.
 16025 | D:12     | Found a staircase to the Orcish Mines.
 16110 | D:12     | Learned a level 7 spell: Spellforged Servitor
 16160 | Orc:1    | Entered Level 1 of the Orcish Mines
 16238 | Orc:1    | Offered knowledge of Throw Icicle by Vehumet.
 16712 | Orc:1    | Noticed Blork the orc
 16714 | Orc:1    | Killed Blork the orc
 17638 | Orc:2    | Found a burning altar of Makhleb.
 17696 | Orc:2    | Reached skill level 16 in Spellcasting
 17696 | Orc:2    | Reached XP level 12. HP: 48/59 MP: 25/37
 17703 | Orc:2    | Learned a level 4 spell: Throw Icicle
 17864 | Orc:2    | Offered knowledge of Bolt of Magma by Vehumet.
 17953 | Orc:4    | Entered Level 4 of the Orcish Mines
 18151 | Orc:4    | Found a dark tunnel.
 18165 | Volcano  | Entered a volcano
 18672 | Orc:4    | Found a staircase to the Elven Halls.
 19680 | Orc:4    | Offered knowledge of Bolt of Draining by Vehumet.
 19681 | Orc:4    | Noticed an orc warlord
 20194 | Orc:4    | Killed an orc warlord
 20194 | Orc:4    | Reached skill level 17 in Spellcasting
 20885 | Orc:3    | Reached skill level 10 in Translocations
 22111 | Orc:4    | Found Peelucel's Antique Armour Emporium.
 22112 | Orc:4    | Found Threloce's Antique Weapon Shoppe.
 22113 | Orc:4    | Found Obanarai's General Store.
 22113 | Orc:4    | Found Prismene's Book Emporium.
 22129 | Orc:4    | Reached XP level 13. HP: 63/63 MP: 20/39
 22259 | Orc:4    | Bought a scroll of acquirement for 520 gold pieces
 22259 | Orc:4    | Bought the +4 skin of Zhor {rC+++} for 623 gold pieces
 22455 | D:12     | Learned a level 5 spell: Bolt of Draining
 23177 | Lair:1   | Entered Level 1 of the Lair of Beasts
 23677 | Lair:1   | Offered knowledge of Poison Arrow by Vehumet.
 24801 | Lair:2   | Reached skill level 18 in Spellcasting
 25649 | Lair:3   | Noticed Fannar
 25821 | Lair:3   | Killed Fannar
 26697 | Lair:4   | Gained mutation: Your mind is acute. (Int +2) [potion of beneficial mutation]
 27117 | Orc:4    | Bought the +4 arc blade {discharge, rElec} for 1102 gold pieces
 27120 | Orc:4    | Got a sheer robe
 27131 | Orc:4    | Identified the +1 robe of Valour {Int+6} (You acquired it on level 4 of the Orcish Mines)
 27147 | Orc:4    | Reached skill level 15 in Conjurations
 27974 | Lair:4   | Offered knowledge of Ozocubu's Refrigeration by Vehumet.
 27984 | Lair:4   | Found a staircase to the Snake Pit.
 28201 | Lair:4   | Reached skill level 1 in Ice Magic
 29804 | Lair:6   | Learned a level 5 spell: Lee's Rapid Deconstruction
 30176 | Lair:6   | Reached XP level 14. HP: 59/68 MP: 32/40
 30324 | Lair:6   | Found a staircase to the Shoals.
 30786 | Lair:6   | Noticed Maud
 31529 | Lair:7   | Reached skill level 19 in Spellcasting
 31776 | Lair:7   | Found a staircase to the Slime Pits.
 31776 | Lair:7   | Found a viscous altar of Jiyva.
 32074 | Lair:7   | Killed Maud
 33351 | Lair:8   | Entered Level 8 of the Lair of Beasts
 34173 | Lair:8   | Found a deep blue altar of Sif Muna.
 34194 | Lair:8   | Offered knowledge of Bolt of Cold by Vehumet.
 35675 | Lair:8   | Found a runed door.
 35766 | Lair:8   | Reached skill level 20 in Spellcasting
 36237 | Lair:8   | Offered knowledge of Glaciate by Vehumet.
 36237 | Lair:8   | Offered knowledge of Shatter by Vehumet.
 36237 | Lair:8   | Offered knowledge of Tornado by Vehumet.
 36286 | Lair:8   | Got a dazzling leather armour
 36297 | Lair:8   | Identified the +1 leather armour of Ugeokipn {rPois rC- Regen+ Slay+3} (You found it on level 8 of the Lair of Beasts)
 36672 | Snake:1  | Entered Level 1 of the Snake Pit
 37230 | Snake:1  | Got a smoking platinum ring
 37233 | Snake:1  | Identified the ring "Panypn Bizo" {rC++ Dex+4} (You found it on level 1 of the Snake Pit)
 37246 | Snake:1  | Gained mutation: You have a pair of small horns on your head. [potion of beneficial mutation]
 37520 | Snake:1  | Reached XP level 15. HP: 56/72 MP: 23/42
 38631 | D:12     | Lost mutation: You have a pair of small horns on your head. [potion of cure mutation]
 38631 | D:12     | Lost mutation: Your mind is acute. (Int +2) [potion of cure mutation]
 38632 | D:12     | Gained mutation: Your spells are a little easier to cast, but a little less powerful. [potion of mutation]
 38632 | D:12     | Gained mutation: You are resistant to hostile enchantments. [potion of mutation]
 38632 | D:12     | Gained mutation: Your mind is acute. (Int +2) [potion of mutation]
 38910 | Snake:2  | Learned a level 5 spell: Phase Shift
 40047 | Snake:2  | Found a glowing silver altar of Zin.
 40514 | Snake:2  | Got a spiked leather armour
 40525 | Snake:2  | Identified the +2 leather armour of the Barber Surgeon {rElec rF- Str+3} (You found it on level 2 of the Snake Pit)
 40806 | Snake:2  | Found Peyzonk's Food Shoppe.
 40861 | Snake:2  | Noticed Donald
 40871 | Snake:2  | Killed Donald
 41233 | Snake:3  | Got a warped marble ring
 41235 | Snake:3  | Identified the ring "Seibrog" {+Fly MP-9 Int+4 Dex+2} (You found it on level 3 of the Snake Pit)
 41312 | Snake:3  | Reached skill level 21 in Spellcasting
 42939 | Snake:4  | Reached XP level 16. HP: 60/76 MP: 22/43
 44410 | Snake:4  | Noticed Vashnia
 44746 | Snake:4  | Reached skill level 22 in Spellcasting
 45118 | Snake:4  | Killed Vashnia
 45418 | Snake:5  | Entered Level 5 of the Snake Pit
 49416 | Snake:5  | Reached skill level 15 in Translocations
 49804 | Snake:5  | Reached XP level 17. HP: 71/80 MP: 21/44
 50551 | Snake:5  | Mangled by a naga warrior

Action                   |  1- 3 |  4- 6 |  7- 9 | 10-12 | 13-15 | 16-18 || total
-------------------------+-------+-------+-------+-------+-------+-------++-------
Melee: Dagger            |     5 |     2 |    52 |    38 |     3 |       ||   100
       Rapier            |       |       |       |       |     7 |       ||     7
       Staff             |       |       |       |       |     6 |     1 ||     7
 Cast: Magic Dart        |    92 |   150 |   391 |   180 |    33 |       ||   846
       Slow              |     4 |     3 |       |       |     1 |       ||     8
       Blink             |       |     3 |    11 |     6 |     4 |     3 ||    27
       Conjure Flame     |       |       |    29 |    21 |     1 |     7 ||    58
       Force Lance       |       |       |     8 |    70 |   109 |   129 ||   316
       Repel Missiles    |       |       |     3 |     1 |     9 |     4 ||    17
       Iskenderun's Myst |       |       |    58 |   523 |   721 |   253 ||  1555
       Swiftness         |       |       |     4 |     8 |     3 |     2 ||    17
       Fulminant Prism   |       |       |       |     7 |    86 |    55 ||   148
       Throw Icicle      |       |       |       |       |    24 |       ||    24
       Spellforged Servi |       |       |       |       |     1 |       ||     1
       Bolt of Draining  |       |       |       |       |     2 |     4 ||     6
       Phase Shift       |       |       |       |       |     1 |       ||     1
Evoke: Wand              |       |       |       |       |     2 |       ||     2
       Deck              |       |       |       |       |     1 |       ||     1
  Use: Potion            |     1 |       |     3 |     2 |     7 |     1 ||    14
       Scroll            |       |       |     9 |     1 |    29 |     2 ||    41
 Stab: Sleeping          |     2 |     2 |     5 |     2 |       |       ||    11
  Eat: Chunk             |     2 |     5 |    20 |    32 |    59 |    21 ||   139
       Beef jerky        |       |       |     2 |       |     3 |     1 ||     6
       Royal jelly       |       |       |       |     1 |       |       ||     1
       Pizza             |       |       |       |     1 |       |       ||     1
